 Dungeon Sprint DCSS version 0.31.0-9-g3a7656b989 (webtiles) character file.

Game seed: 13637800152779601077

16965 Heoruswealwe the Phalangite (level 12, -8/129 HPs)
             Began as a Minotaur Fighter on Jan 31, 2024.
             Was an Initiate of Gozag.
             Mangled by a fire giant
             ... wielding a +2 great sword of flaming
              (15 damage)
             ... in the Dungeon (Sprint IX: "|||||||||||||||||||||||||||||").
             The game lasted 00:20:28 (2214 turns).

Heoruswealwe the Phalangite (Minotaur Fighter)      Turns: 2214, Time: 00:20:29

Health: -8/129     AC: 25    Str: 31    XL:     12   Next: 14%
Magic:  11/11      EV:  9    Int:  5    God:    Gozag
Gold:   1258       SH:  0    Dex: 11    Spells: 11/11 levels left

rFire   . . .        b - +4 glaive (venom)
rCold   . . .        (shield currently unavailable)
rNeg    . . .        c - +0 storm dragon scales
rPois   .            (helmet restricted)
rElec   +            h - +0 cloak
rCorr   .            f - +1 pair of gloves
SInv    .            e - +0 pair of boots
Will    .....        (no amulet) Stlth
                     k - +3 ring of strength
HPRegen 0.41/turn    j - +3 ring of strength
MPRegen 0.12/turn

%: no teleportation
@: no status effects
A: horns 2, retaliatory headbutt
a: Renounce Religion, Potion Petition, Call Merchant, Bribe Branch


You were in the Dungeon.
You worshipped Gozag.
Gozag was most pleased with you.
You visited 1 branch You collected 7768 gold pieces.
You spent 1853 gold pieces at shops.
You paid 4657 gold pieces to Gozag.

Inventory:

Hand Weapons
 a - a +0 trident
 b - a +4 glaive of venom (weapon)
Armour
 c - +0 storm dragon scales (worn)
 d - a +0 buckler
 e - a +0 pair of boots (worn)
 f - a +1 pair of gloves (worn)
 h - a +0 cloak (worn)
Jewellery
 j - a +3 ring of strength (right hand)
 k - a +3 ring of strength (left hand)
Wands
 l - a wand of light (10)
 p - a wand of flame (29)
 w - a wand of roots (5)
Scrolls
 o - 6 scrolls of blinking
 q - 6 scrolls of identify
 r - 2 scrolls of enchant armour
 t - 2 scrolls of enchant weapon
Potions
 g - 2 potions of haste
 i - a potion of berserk rage
 m - 4 potions of curing
 n - 4 potions of might
 s - 5 potions of heal wounds


   Skills:
 + Level 18.9 Fighting
 * Level 25.3 Polearms
 + Level 18.9 Armour
 - Level 3.6 Shields


You had 11 spell levels left.
You didn't know any spells.
Your spell library was empty.

Dungeon Overview and Level Annotations

Branches:
Dungeon (1/1)

Altars:
Cheibriados
Dithmenos
Elyvilon
Fedhas
Gozag
Hepliaklqana
Kikubaaqudgha
Makhleb
Nemelex Xobeh
Okawaru
Qazlal
Ru
Sif Muna
Trog
Uskayaw
Vehumet
Wu Jian
Xom
Yredelemnul
Zin
The Shining One
Jiyva
Lugonu

Shops:
D (*([(:[?*

Annotations:
D Josephine


Innate Abilities, Weirdness & Mutations

You have a pair of horns on your head.
You reflexively headbutt those who attack you in melee.


Message History

The eight-headed hydra bites you but does no damage.
You barely miss the eight-headed hydra. You headbutt the eight-headed hydra.
The eight-headed hydra is severely wounded.
The manticore is distracted by your dazzling golden aura.
You feel much better.
The eight-headed hydra bites you but does no damage. x2
The eight-headed hydra bites you!
The eight-headed hydra closely misses you.
The eight-headed hydra bites you but does no damage.
The eight-headed hydra barely misses you. x2
The eight-headed hydra bites you but does no damage.
A frost giant comes into view.
It is wielding a +1 battleaxe of freezing.
The boulder beetle curls into a ball and begins rolling!
The frost giant shouts!
You hack one of the eight-headed hydra's heads off!
The seven-headed hydra grows two more!
You slice the nine-headed hydra!!
The nine-headed hydra is poisoned.
You headbutt the nine-headed hydra!
You kill the nine-headed hydra!
You slash the white ugly thing!
The white ugly thing is poisoned.
Your headbutt misses the white ugly thing.
The white ugly thing is moderately wounded.
The frost giant is distracted by your dazzling golden aura.
The white ugly thing punches you but does no damage.
You open the white ugly thing like a pillowcase!!!
The white ugly thing looks as sick as possible!
You headbutt the white ugly thing.
You kill the white ugly thing!
The manticore is no longer distracted by gold.
You hit the fire giant.
The fire giant is lightly wounded.
You open the fire giant like a pillowcase!!!
The fire giant looks as sick as possible!
You headbutt the fire giant.
The fire giant is heavily wounded.
The boulder beetle hits you!!!
* * * LOW HITPOINT WARNING * * *
The boulder beetle stops rolling and uncurls.
The fire giant hits you with a +2 great sword of flaming!
You die...
Your body crumbles into a pile of gold.

,,+,,,,,,,,,,,,,,,,,,,,,+,,,,,,,,
*********************************
,,,,,,,,,,,,,,,,,,,,,,,,,,,,,,,,,
*********************************
,,,,,+,,,,,,,,,+,,,,,,,,,+,,,,,,,
************♣♣♣♣▓▓▓▓▓▓▓▓▓▓▓******
,,,,,,,,,,,,......WWW@.WW..,,,,,,
*********▓▓▓▓▓▓▓▓▓▓▓▓▓▓▓▓▓▓▓▓▓▓▓▓
,,+,,,,,,C.B.H.C@B°°....!?...[[[[
▓▓▓▓▓▓▓▓▓▓▓▓▓▓▓▓▓▓▓▓▓▓▓▓▓▓▓▓▓▓▓▓▓
.................................
▓▓▓▓▓▓▓▓▓▓▓▓▓▓▓▓▓▓▓▓▓▓▓▓▓▓▓▓▓▓▓▓▓
∩.'.∩.∩.∩.∩.∩.∩....)[............
▓▓▓▓▓▓▓▓▓▓▓▓▓▓▓▓▓▓▓▓▓▓▓▓▓▓▓▓▓▓▓▓▓
.........................).......
▓▓▓▓▓▓▓▓▓▓▓▓▓▓▓▓▓▓▓▓▓▓▓▓▓▓▓▓▓▓▓▓▓
[.[[..'..!)........'.........'...


You could see a frost giant, a fire giant (extremely poisoned), 2 boulder
beetles and a manticore.

Vanquished Creatures
  A rakshasa (D)
  2 centaur warriors (D)
  A hydra (D)
  A catoblepas (D)
  A two-headed ogre (D)
  An orc high priest (D)
  An arcanist (D)
  A lindwurm (D)
  2 orc knights (D)
  8 orc sorcerers (D)
  3 ugly things (D)
  2 black mambas (D)
  4 cane toads (D)
  2 komodo dragons (D)
  A rime drake (D)
  An efreet (D)
  A troll (D)
  3 tyrant leeches (D)
  A slime creature (D)
  A wyvern (D)
  4 yaks (D)
  Grum (D)
  A water moccasin (D)
  A black bear (D)
  6 orc warriors (D)
  6 wolves (D)
  2 centaurs (D)
  A kobold brigand (D)
  A bullfrog (D)
  8 orc priests (D)
  A sleepcap (D)
  An iguana (D)
  11 orc wizards (D)
  An adder (D)
  4 ribbon worms (D)
  4 orcs (D)
  2 endoplasms (D)
  A giant cockroach (D)
  A hobgoblin (D)
  A rat (D)
96 creatures vanquished.

Notes
Turn   | Place    | Note
-------+----------+-------------------------------------------
     0 | D        | Heoruswealwe the Minotaur Fighter began the quest for the
                  | Orb.
     0 | D        | Reached XP level 1. HP: 19/19 MP: 0/0
    11 | D        | Reached skill level 3 in Polearms
    27 | D        | Noticed a centaur
    27 | D        | Noticed an iguana
    27 | D        | Noticed a sleepcap
    27 | D        | Noticed an orc priest
    37 | D        | Killed an orc priest
    38 | D        | Reached skill level 5 in Fighting
    38 | D        | Reached skill level 5 in Polearms
    38 | D        | Reached skill level 5 in Armour
    38 | D        | Reached XP level 2. HP: 11/29 MP: 1/1
    38 | D        | Reached XP level 3. HP: 13/36 MP: 2/2
    44 | D        | Reached skill level 6 in Polearms
    48 | D        | Reached skill level 7 in Polearms
    48 | D        | Reached XP level 4. HP: 28/44 MP: 3/3
    51 | D        | Killed a centaur
    52 | D        | Reached skill level 9 in Polearms
    52 | D        | Reached XP level 5. HP: 28/52 MP: 4/4
    69 | D        | Found a snail-covered altar of Cheibriados.
    69 | D        | Found a shadowy altar of Dithmenos.
    69 | D        | Found a white marble altar of Elyvilon.
    69 | D        | Found a blossoming altar of Fedhas.
    69 | D        | Found an opulent altar of Gozag.
    70 | D        | Found a hazy altar of Hepliaklqana.
    71 | D        | Found a viscous altar of Jiyva.
    72 | D        | Found an ancient bone altar of Kikubaaqudgha.
    73 | D        | Found a corrupted altar of Lugonu.
    74 | D        | Found a burning altar of Makhleb.
    75 | D        | Found a sparkling altar of Nemelex Xobeh.
    76 | D        | Found an iron altar of Okawaru.
    77 | D        | Became a worshipper of Gozag Ym Sagoz the Greedy
    78 | D        | Found a stormy altar of Qazlal.
    79 | D        | Found a sacrificial altar of Ru.
    80 | D        | Found a shimmering blue altar of Sif Muna.
    81 | D        | Found a bloodstained altar of Trog.
    82 | D        | Found a hide-covered altar of Uskayaw.
    83 | D        | Found a radiant altar of Vehumet.
    84 | D        | Found an ornate altar of the Wu Jian Council.
    85 | D        | Found a shimmering altar of Xom.
    86 | D        | Found a basalt altar of Yredelemnul.
    87 | D        | Found a glowing silver altar of Zin.
    88 | D        | Found a glowing golden altar of the Shining One.
   145 | D        | Noticed a centaur
   145 | D        | Noticed a wyvern
   145 | D        | Noticed a troll
   145 | D        | Noticed a yak
   148 | D        | Killed a yak
   149 | D        | Reached skill level 11 in Polearms
   149 | D        | Reached XP level 6. HP: 60/62 MP: 5/5
   158 | D        | Killed a troll
   159 | D        | Reached skill level 12 in Polearms
   159 | D        | Reached XP level 7. HP: 31/71 MP: 6/6
   161 | D        | Killed a wyvern
   162 | D        | Reached skill level 10 in Fighting
   162 | D        | Reached skill level 13 in Polearms
   162 | D        | Reached skill level 10 in Armour
   170 | D        | Reached skill level 14 in Polearms
   296 | D        | Noticed a centaur warrior
   296 | D        | Noticed a two-headed ogre
   296 | D        | Noticed an arcanist
   296 | D        | Noticed a brown ugly thing
   296 | D        | Noticed a slime creature
   296 | D        | Noticed a centaur warrior
   303 | D        | Killed a centaur warrior
   304 | D        | Reached skill level 15 in Polearms
   304 | D        | Reached XP level 8. HP: 72/83 MP: 7/7
   307 | D        | Killed a slime creature
   308 | D        | Reached skill level 16 in Polearms
   317 | D        | Killed a brown ugly thing
   318 | D        | Reached XP level 9. HP: 48/92 MP: 8/8
   320 | D        | Killed an arcanist
   321 | D        | Reached skill level 17 in Polearms
   324 | D        | Killed a two-headed ogre
   325 | D        | Reached skill level 18 in Polearms
   329 | D        | Killed a centaur warrior
   330 | D        | Reached skill level 19 in Polearms
   621 | D        | Noticed a cane toad
   621 | D        | Noticed a cane toad
   621 | D        | Noticed a komodo dragon
   623 | D        | Noticed a rime drake
   634 | D        | Reached XP level 10. HP: 85/104 MP: 9/9
   635 | D        | Noticed a cane toad
   640 | D        | Killed a cane toad
   647 | D        | Killed a cane toad
   648 | D        | Reached skill level 20 in Polearms
   651 | D        | Reached skill level 15 in Fighting
   651 | D        | Reached skill level 15 in Armour
   657 | D        | Killed a cane toad
   825 | D        | Noticed a cane toad
   825 | D        | Noticed a black mamba
   825 | D        | Noticed a black mamba
   826 | D        | Noticed a catoblepas
   830 | D        | Killed a black mamba
   840 | D        | Killed a black mamba
   841 | D        | Reached skill level 21 in Polearms
   868 | D        | Killed a catoblepas
   873 | D        | Killed a cane toad
  1008 | D        | Noticed a lindwurm
  1019 | D        | Reached XP level 11. HP: 106/115 MP: 10/10
  1023 | D        | Reached skill level 22 in Polearms
  1036 | D        | Killed a lindwurm
  1200 | D        | Noticed Grum
  1207 | D        | Killed Grum
  1429 | D        | Noticed an orc knight
  1437 | D        | Noticed an orc knight
  1450 | D        | Killed an orc knight
  1451 | D        | Reached skill level 23 in Polearms
  1455 | D        | Noticed an orc high priest
  1456 | D        | Killed an orc knight
  1458 | D        | Noticed a soul eater
  1461 | D        | Noticed a sixfirhy
  1477 | D        | Killed an orc high priest
  1587 | D        | Found Zub Ybbe's General Store.
  1587 | D        | Noticed an orc sorcerer
  1587 | D        | Noticed an orc sorcerer
  1587 | D        | Noticed an orc sorcerer
  1587 | D        | Noticed an orc sorcerer
  1592 | D        | Noticed a soul eater
  1592 | D        | Killed an orc sorcerer
  1594 | D        | Killed an orc sorcerer
  1611 | D        | Noticed a sixfirhy
  1612 | D        | Killed an orc sorcerer
  1617 | D        | Killed an orc sorcerer
  1618 | D        | Reached skill level 24 in Polearms
  1632 | D        | Found Jeyd's Magic Scroll Shop.
  1636 | D        | Found Udwu's Armour Boutique.
  1640 | D        | Found Voaneh's Book Shop.
  1642 | D        | Noticed an orc sorcerer
  1642 | D        | Paralysed by an orc sorcerer for 4 turns
  1644 | D        | Noticed an orc sorcerer
  1659 | D        | Paralysed by an orc sorcerer for 3 turns
  1662 | D        | Killed an orc sorcerer
  1662 | D        | Noticed an orc sorcerer
  1663 | D        | Noticed a sixfirhy
  1676 | D        | Killed an orc sorcerer
  1681 | D        | Killed an orc sorcerer
  1691 | D        | Noticed an orc sorcerer
  1704 | D        | Killed an orc sorcerer
  1873 | D        | Bought a scroll of poison for 48 gold pieces
  1873 | D        | Bought a scroll of acquirement for 624 gold pieces
  1873 | D        | Bought a potion of lignification for 36 gold pieces
  1873 | D        | Bought a wand of roots (5) for 144 gold pieces
  1873 | D        | Bought a scroll of blinking for 90 gold pieces
  1875 | D        | Bought a scroll of revelation for 97 gold pieces
  1875 | D        | Bought a scroll of identify for 26 gold pieces
  1875 | D        | Bought a scroll of identify for 26 gold pieces
  1875 | D        | Bought a scroll of immolation for 52 gold pieces
  1875 | D        | Bought a scroll of identify for 26 gold pieces
  1885 | D        | Bought 2 potions of brilliance for 96 gold pieces
  1890 | D        | Noticed Josephine
  1890 | D        | Noticed a white ugly thing
  1890 | D        | Noticed a rakshasa
  1890 | D        | Noticed a boulder beetle
  1890 | D        | Noticed a boulder beetle
  1890 | D        | Noticed a white ugly thing
  1920 | D        | Bought a runed glaive for 294 gold pieces
  1920 | D        | Bought a scroll of blinking for 232 gold pieces
  1920 | D        | Bought a scroll of identify for 62 gold pieces
  1968 | D        | Acquired a +4 glaive of venom
  2194 | D        | Noticed a six-headed hydra
  2197 | D        | Killed a white ugly thing
  2202 | D        | Reached XP level 12. HP: 68/128 MP: 11/11
  2202 | D        | Noticed a fire giant
  2204 | D        | Killed a rakshasa
  2205 | D        | Reached skill level 25 in Polearms
  2209 | D        | Noticed a frost giant
  2210 | D        | Killed a nine-headed hydra
  2214 | D        | Mangled by a fire giant

Illustrated notes

Levels and vault maps discovered:
D:        linesprint [early_d, line_temple, items_1, d_10, items_2, lair_1,
          lair_end, items_3, orc_1, orc_end, items_4, d_15, swamp_1, shoals_1,
          snake_1, spider_1, d_20, vaults_1, items_5, swamp_end, shoals_end,
          snake_end, spider_end, vaults_end, d_27, items_6, zot_1, zot_end,
          crypt_end, forest_end, elf_end, slime_end, tomb_end, abyss_end,
          pan_hell_end]

Skill      XL: |  1  2  3  4  5  6  7  8  9 10 11 12 |
---------------+-------------------------------------+-----
Polearms       | 5 7 9 11 12 15 16 19 21 24 25 | 25.3
Fighting       | 5 6 7 8 9 11 12 14 16 18 | 18.9
Armour         | 5 6 7 8 9 11 12 14 16 18 | 18.9
Shields        | |  3.6

Action                     |  1- 3 |  4- 6 |  7- 9 | 10-12 || total
---------------------------+-------+-------+-------+-------++-------
  Melee: Trident           |    36 |     4 |       |       ||    40
         Headbutt          |     2 |     6 |    11 |    42 ||    61
         Halberd           |       |    13 |    56 |   206 ||   275
         Glaive            |       |       |       |    16 ||    16
 Invoke: Call Merchant     |       |       |       |     5 ||     5
    Use: Potion            |     1 |       |       |     5 ||     6
         Scroll            |       |       |       |     2 ||     2
   Stab: Distracted        |       |       |     1 |     2 ||     3
         Petrified         |       |       |       |     2 ||     2
 Armour: Scale mail        |    19 |     4 |       |       ||    23
         Chain mail        |       |    19 |    38 |    80 ||   137
         Plate armour      |       |       |       |    39 ||    39
         Storm dragon scal |       |       |       |    31 ||    31
  Dodge: Dodged            |     9 |    10 |    13 |    39 ||    71
  Block: Buckler           |     5 |       |       |       ||     5
